TOP OF THE 1ST |
Tacoma Rainiers batting - Pitching for Pawtucket Red Sox : RHP Danny Klomp
|
Pitching: RHP Danny Klomp
|
|
Batting: RHB Brad Robidas
|
0-0: Ball 1-0: Ground out 6-3 (Groundball, 6, EV 103.1 MPH)
|
Batting: RHB Enrique Valdez
|
0-0: Called Strike 0-1: Called Strike 0-2: Foul Ball, location: 2F 0-2: Ball 1-2: Ball 2-2: Foul Ball, location: 2F 2-2: DOUBLE (Line Drive, 89D, EV 100.0 MPH)
|
Batting: LHB Josh Pittman
|
0-0: Ball 1-0: Foul Ball, location: 2F 1-1: Ball 2-1: Foul Ball, location: 2F 2-2: Fly out, F6 (Popup, 6M, EV 70.0 MPH)
|
Batting: LHB Ryan Lowe
|
0-0: Called Strike 0-1: Ball 1-1: Ball 2-1: Swinging Strike 2-2: Ball 3-2: Foul Ball, location: 2F 3-2: Base on Balls
|
Batting: SHB Ray Skogen
|
0-0: DOUBLE (Line Drive, 7LD, EV 108.8 MPH) Enrique Valdez scores Ryan Lowe to third Runner from 3rd tries for Home, SAFE, throw by LF to home
|
Batting: RHB Josh Ruhl
|
0-0: Ball 1-0: Ground out 6-3 (Groundball, 56, EV 89.4 MPH)
|
Top of the 1st over - 2 runs, 2 hits, 0 errors, 1 left on base; Tacoma 2 - Pawtucket 0 |
BOTTOM OF THE 1ST |
Pawtucket Red Sox batting - Pitching for Tacoma Rainiers : RHP Vinny Reveles
|
Pitching: RHP Vinny Reveles
|
|
Batting: RHB Andy Garvin
|
0-0: Ball 1-0: Fly out, F5 (Line Drive, 5, EV 66.9 MPH)
|
Batting: RHB Rodolfo Contreras
|
0-0: Called Strike 0-1: Ball 1-1: Ball 2-1: DOUBLE (Line Drive, 8LXD, EV 101.9 MPH)
|
Batting: SHB Ben Ervin
|
0-0: Called Strike 0-1: Foul Ball, location: 2F 0-2: Ball 1-2: Foul Ball, location: 2F 1-2: Strikes out swinging
|
Batting: RHB Carlos Nolasco
|
0-0: Called Strike 0-1: Swinging Strike 0-2: Fly out, F6 (Popup, P, EV 78.1 MPH)
|
Bottom of the 1st over - 0 runs, 1 hit, 0 errors, 1 left on base; Tacoma 2 - Pawtucket 0 |
TOP OF THE 2ND |
Tacoma Rainiers batting - Pitching for Pawtucket Red Sox : RHP Danny Klomp
|
Batting: RHB Zach Downs
|
0-0: Ball 1-0: Called Strike 1-1: Foul Ball, location: 2F 1-2: Foul Ball, location: 2F 1-2: Ball 2-2: Strikes out swinging
|
Batting: RHB Chris Olheiser
|
0-0: Foul Ball, location: 2F 0-1: Swinging Strike 0-2: Ground out 5-3 (Groundball, 56S, EV 82.5 MPH)
|
Batting: RHB Max Schellekens
|
0-0: Fly out, F9 (Flyball, 89M, EV 91.2 MPH)
|
Top of the 2nd over - 0 runs, 0 hits, 0 errors, 0 left on base; Tacoma 2 - Pawtucket 0 |
BOTTOM OF THE 2ND |
Pawtucket Red Sox batting - Pitching for Tacoma Rainiers : RHP Vinny Reveles
|
Batting: LHB Frank Olivo
|
0-0: Ground out 5-3 (Groundball, 5, EV 85.6 MPH)
|
Batting: RHB Brandon Perris
|
0-0: Called Strike 0-1: Ground out 6-3 (Groundball, 6, EV 108.1 MPH)
|
Batting: RHB Joe Sandoval
|
0-0: Ball 1-0: Fly out, F9 (Line Drive, 9LM, EV 93.8 MPH)
|
Bottom of the 2nd over - 0 runs, 0 hits, 0 errors, 0 left on base; Tacoma 2 - Pawtucket 0 |
TOP OF THE 3RD |
Tacoma Rainiers batting - Pitching for Pawtucket Red Sox : RHP Danny Klomp
|
Batting: RHB Brad Robidas
|
0-0: Ball 1-0: Called Strike 1-1: Ball 2-1: SINGLE (Line Drive, 34, EV 97.5 MPH)
|
Batting: RHB Enrique Valdez
|
0-0: Ball 1-0: Ball 2-0: Fielders Choice at 2nd, 5-4 (Groundball, 56, EV 104.4 MPH)
|
Batting: LHB Josh Pittman
|
0-0: Called Strike 0-1: Swinging Strike 0-2: Strikes out swinging
|
Batting: LHB Ryan Lowe
|
0-0: Ball 1-0: Called Strike 1-1: Foul Ball, location: 2F 1-2: Foul Ball, location: 2F 1-2: Fly out, F7 (Flyball, 7, EV 98.8 MPH)
|
Top of the 3rd over - 0 runs, 1 hit, 0 errors, 1 left on base; Tacoma 2 - Pawtucket 0 |
BOTTOM OF THE 3RD |
Pawtucket Red Sox batting - Pitching for Tacoma Rainiers : RHP Vinny Reveles
|
Batting: RHB Sal Rivera
|
0-0: Ball 1-0: Ground out 5-3 (Groundball, 5, EV 103.8 MPH)
|
Batting: RHB Joe Evrard
|
0-0: Ground out 6-3 (Groundball, 6, EV 90.0 MPH)
|
Batting: RHB Andy Garvin
|
0-0: Ball 1-0: Fly out, F9 (Line Drive, 3D, EV 66.9 MPH)
|
Bottom of the 3rd over - 0 runs, 0 hits, 0 errors, 0 left on base; Tacoma 2 - Pawtucket 0 |
TOP OF THE 4TH |
Tacoma Rainiers batting - Pitching for Pawtucket Red Sox : RHP Danny Klomp
|
Batting: SHB Ray Skogen
|
0-0: Ball 1-0: Called Strike 1-1: Foul Ball, location: 2F 1-2: Ball 2-2: Ground out 5-3 (Groundball, 5, EV 87.5 MPH)
|
Batting: RHB Josh Ruhl
|
0-0: Ball 1-0: Called Strike 1-1: Swinging Strike 1-2: Strikes out looking
|
Batting: RHB Zach Downs
|
0-0: Called Strike 0-1: Called Strike 0-2: Strikes out swinging
|
Top of the 4th over - 0 runs, 0 hits, 0 errors, 0 left on base; Tacoma 2 - Pawtucket 0 |
BOTTOM OF THE 4TH |
Pawtucket Red Sox batting - Pitching for Tacoma Rainiers : RHP Vinny Reveles
|
Batting: RHB Rodolfo Contreras
|
0-0: Ground out 4-3 (Groundball, 4MD, EV 101.9 MPH)
|
Batting: SHB Ben Ervin
|
0-0: Ball 1-0: Fly out, F8 (Flyball, 89M, EV 74.4 MPH)
|
Batting: RHB Carlos Nolasco
|
0-0: Ball 1-0: Ball 2-0: Called Strike 2-1: Swinging Strike 2-2: TRIPLE (Line Drive, 9D, EV 106.2 MPH)
|
Batting: LHB Frank Olivo
|
0-0: Ground out 5-3 (Groundball, 56S, EV 83.8 MPH)
|
Bottom of the 4th over - 0 runs, 1 hit, 0 errors, 1 left on base; Tacoma 2 - Pawtucket 0 |
TOP OF THE 5TH |
Tacoma Rainiers batting - Pitching for Pawtucket Red Sox : RHP Danny Klomp
|
Batting: RHB Chris Olheiser
|
0-0: Called Strike 0-1: Ball 1-1: Ground out 4-3 (Groundball, 4S, EV 91.9 MPH)
|
Batting: RHB Max Schellekens
|
0-0: Called Strike 0-1: Ball 1-1: Ground out 4-3 (Groundball, 4, EV 86.2 MPH)
|
Batting: RHB Brad Robidas
|
0-0: Called Strike 0-1: Ball 1-1: SOLO HOME RUN (Flyball, 78XD, EV 108.1 MPH), Distance : 429 ft
|
Batting: RHB Enrique Valdez
|
0-0: Called Strike 0-1: Ground out 6-3 (Groundball, 6, EV 101.9 MPH)
|
Top of the 5th over - 1 run, 1 hit, 0 errors, 0 left on base; Tacoma 3 - Pawtucket 0 |
BOTTOM OF THE 5TH |
Pawtucket Red Sox batting - Pitching for Tacoma Rainiers : RHP Vinny Reveles
|
Batting: RHB Brandon Perris
|
0-0: Foul Ball, location: 2F 0-1: Swinging Strike 0-2: Ball 1-2: Ground out 5-3 (Groundball, 56S, EV 85.6 MPH)
|
Batting: RHB Joe Sandoval
|
0-0: Called Strike 0-1: Called Strike 0-2: Foul Ball, location: 2F 0-2: Ball 1-2: Ball 2-2: Ground out U3 (Groundball, 3, EV 100.0 MPH)
|
Batting: RHB Sal Rivera
|
0-0: Ground out 6-3 (Groundball, P, EV 90.6 MPH)
|
Bottom of the 5th over - 0 runs, 0 hits, 0 errors, 0 left on base; Tacoma 3 - Pawtucket 0 |
TOP OF THE 6TH |
Tacoma Rainiers batting - Pitching for Pawtucket Red Sox : RHP Danny Klomp
|
Batting: LHB Josh Pittman
|
0-0: Ball 1-0: Ball 2-0: Ball 3-0: Base on Balls
|
Batting: LHB Ryan Lowe
|
0-0: Called Strike 0-1: Ball 1-1: Foul Ball, location: 2F 1-2: Ball 2-2: Strikes out looking
|
Batting: SHB Ray Skogen
|
0-0: Called Strike 0-1: Called Strike 0-2: Fielders Choice at 2nd, 1-6 (Groundball, P, EV 65.6 MPH)
|
Batting: RHB Josh Ruhl
|
0-0: Called Strike 0-1: Ball 1-1: Ball Ray Skogen is caught stealing 2nd base 2-4
|
Top of the 6th over - 0 runs, 0 hits, 0 errors, 0 left on base; Tacoma 3 - Pawtucket 0 |
BOTTOM OF THE 6TH |
Pawtucket Red Sox batting - Pitching for Tacoma Rainiers : RHP Vinny Reveles
|
Batting: RHB Joe Evrard
|
0-0: Ball 1-0: Called Strike 1-1: Ground out 4-3 (Groundball, 4, EV 98.1 MPH)
|
Batting: RHB Andy Garvin
|
0-0: Called Strike 0-1: Foul Ball, location: 2F 0-2: Fly out, F7 (Flyball, 7S, EV 90.0 MPH)
|
Batting: RHB Rodolfo Contreras
|
0-0: Ball 1-0: Ball 2-0: Foul Ball, location: 2F 2-1: Foul Ball, location: 2F 2-2: Fly out, F7 (Flyball, 7LM, EV 80.0 MPH)
|
Bottom of the 6th over - 0 runs, 0 hits, 0 errors, 0 left on base; Tacoma 3 - Pawtucket 0 |
TOP OF THE 7TH |
Tacoma Rainiers batting - Pitching for Pawtucket Red Sox : RHP Danny Klomp
|
Batting: RHB Josh Ruhl
|
0-0: Ground out 4-3 (Groundball, 4, EV 83.1 MPH)
|
Batting: RHB Zach Downs
|
0-0: Foul Ball, location: 2F 0-1: Foul Ball, location: 2F 0-2: Foul Ball, location: 2F 0-2: SINGLE (Groundball, 6D, EV 97.5 MPH)
|
Batting: RHB Chris Olheiser
|
0-0: Foul Ball, location: 2F 0-1: Ball 1-1: DOUBLE (Line Drive, 7LS, EV 105.6 MPH) Zach Downs to third Runner from 3rd tries for Home, SAFE, throw by LF to home
|
Batting: RHB Max Schellekens
|
0-0: Ball 1-0: Called Strike 1-1: Called Strike 1-2: Ball 2-2: SINGLE (Line Drive, 56D, EV 95.0 MPH) Chris Olheiser to third
|
Pitching: RHP Jose Escobar
|
|
Batting: RHB Brad Robidas
|
0-0: Swinging Strike 0-1: Swinging Strike 0-2: Fielders Choice at 2nd, 6-4 (Groundball, 6, EV 80.6 MPH) Chris Olheiser scores
|
Batting: RHB Enrique Valdez
|
0-0: Called Strike Brad Robidas is caught stealing 2nd base 2-4
|
Top of the 7th over - 2 runs, 3 hits, 0 errors, 0 left on base; Tacoma 5 - Pawtucket 0 |
BOTTOM OF THE 7TH |
Pawtucket Red Sox batting - Pitching for Tacoma Rainiers : RHP Vinny Reveles
|
Batting: SHB Ben Ervin
|
0-0: Swinging Strike 0-1: Ball 1-1: Swinging Strike 1-2: Ground out 4-3 (Groundball, 4, EV 82.5 MPH)
|
Pitching: RHP Chris Julien
|
|
Batting: RHB Carlos Nolasco
|
0-0: Ball 1-0: Called Strike 1-1: Ball 2-1: Foul Ball, location: 2F 2-2: Foul Ball, location: 2F 2-2: Ball 3-2: Ground out 5-3 (Groundball, 56S, EV 75.0 MPH)
|
Batting: LHB Frank Olivo
|
0-0: Swinging Strike 0-1: Foul Ball, location: 2F 0-2: Ball 1-2: Foul Ball, location: 2F 1-2: Strikes out looking
|
Bottom of the 7th over - 0 runs, 0 hits, 0 errors, 0 left on base; Tacoma 5 - Pawtucket 0 |
TOP OF THE 8TH |
Tacoma Rainiers batting - Pitching for Pawtucket Red Sox : RHP Jose Escobar
|
Batting: RHB Enrique Valdez
|
0-0: Ground out 1-3 (Groundball, 13S, EV 66.2 MPH)
|
Batting: LHB Josh Pittman
|
0-0: Ball 1-0: SOLO HOME RUN (Flyball, 89XD, EV 103.8 MPH), Distance : 390 ft
|
Batting: LHB Ryan Lowe
|
0-0: Ground out 4-3 (Groundball, 34D, EV 88.8 MPH)
|
Batting: SHB Ray Skogen
|
0-0: SINGLE (Flyball, 5D, EV 95.0 MPH)
|
Batting: RHB Josh Ruhl
|
0-0: Called Strike 0-1: Swinging Strike 0-2: Ball 1-2: Ball 2-2: Ball 3-2: Strikes out swinging
|
Top of the 8th over - 1 run, 2 hits, 0 errors, 1 left on base; Tacoma 6 - Pawtucket 0 |
BOTTOM OF THE 8TH |
Pawtucket Red Sox batting - Pitching for Tacoma Rainiers : RHP Chris Julien
|
Batting: RHB Brandon Perris
|
0-0: Foul Ball, location: 2F 0-1: Ground out 2-3 (Groundball, 2R, EV 65.6 MPH)
|
Batting: RHB Joe Sandoval
|
0-0: Ball 1-0: Called Strike 1-1: Called Strike 1-2: Ball 2-2: Strikes out swinging
|
Batting: RHB Sal Rivera
|
0-0: Ground out 5-3 (Groundball, 56S, EV 93.8 MPH)
|
Bottom of the 8th over - 0 runs, 0 hits, 0 errors, 0 left on base; Tacoma 6 - Pawtucket 0 |
TOP OF THE 9TH |
Tacoma Rainiers batting - Pitching for Pawtucket Red Sox : RHP Jose Escobar
|
Batting: RHB Zach Downs
|
0-0: Swinging Strike 0-1: Foul Ball, location: 2F 0-2: Ball 1-2: Foul Ball, location: 2F 1-2: Ground out 5-3 (Groundball, 56, EV 101.9 MPH)
|
Batting: RHB Chris Olheiser
|
0-0: Ball 1-0: Ball 2-0: Foul Ball, location: 2F 2-1: Ground out U3 (Groundball, 34S, EV 87.5 MPH)
|
Batting: RHB Max Schellekens
|
0-0: Ball 1-0: Fly out, F8 (Flyball, 8RM, EV 88.8 MPH)
|
Top of the 9th over - 0 runs, 0 hits, 0 errors, 0 left on base; Tacoma 6 - Pawtucket 0 |
BOTTOM OF THE 9TH |
Pawtucket Red Sox batting - Pitching for Tacoma Rainiers : RHP Chris Julien
|
Batting: RHB Joe Evrard
|
0-0: Called Strike 0-1: Ball 1-1: Ball 2-1: Ball 3-1: Fly out, F6 (Popup, 6MS, EV 77.5 MPH)
|
Batting: RHB Andy Garvin
|
0-0: Called Strike 0-1: Ball 1-1: Foul Ball, location: 2F 1-2: Foul Ball, location: 2F 1-2: Foul Ball, location: 2F 1-2: Foul Ball, location: 2F 1-2: Fly out, F8 (Line Drive, 8RD, EV 107.5 MPH)
|
Batting: RHB Rodolfo Contreras
|
0-0: Ball 1-0: Called Strike 1-1: Ball 2-1: Called Strike 2-2: Foul Ball, location: 2F 2-2: Strikes out looking
|
Bottom of the 9th over - 0 runs, 0 hits, 0 errors, 0 left on base; Tacoma 6 - Pawtucket 0 |
|